 Dungeon Crawl Stone Soup version 0.26.1-11-gd32895ea62 (webtiles) character file.

Game seed: 13567402838521721033

1899 dtburroughs the Skirmisher (level 8, -3/109 HPs)
             Began as a Minotaur Berserker on July 19, 2021.
             Was an Elder of Trog.
             Slain by an orc warrior
             ... wielding a +0 mace
              (8 damage)
             ... on level 6 of the Dungeon.
             The game lasted 00:09:20 (5375 turns).

dtburroughs the Skirmisher (Minotaur Berserker)     Turns: 5375, Time: 00:09:20

Health: -3/109     AC: 13    Str: 22    XL:     8   Next: 93%
Magic:  7/7        EV:  9    Int:  6    God:    Trog [****..]
Gold:   401        SH:  0    Dex: 10    Spells: 7/7 levels left

rFire    . . .     SeeInvis .   w - +0 broad axe
rCold    . . .     Faith    .   (no shield)
rNeg     . . .     Spirit   .   k - +0 plate armour
rPois    .         Reflect  .   (helmet restricted)
rElec    .         Harm     .   (no cloak)
rCorr    .         Rampage  .   (no gloves)
Will     .....                  (no boots)
Stlth    ..........             (no amulet)
HPRegen  0.28/turn              (no ring)
MPRegen  0.10/turn              (no ring)

@: confused, berserking (expiring), very quick
A: retaliatory headbutt, horns 2
a: Renounce Religion, Berserk, Trog's Hand, Brothers in Arms


You were on level 6 of the Dungeon.
You worshipped Trog.
Trog was greatly pleased with you.
You visited 1 branch of the dungeon, and saw 6 of its levels.

You collected 401 gold pieces.

Inventory:

Hand Weapons
 a - a +0 hand axe
 w - a +0 broad axe (weapon)
 B - the cursed +1 whip of Exoneration {freeze, rN+ MP+9, unknown}
   (You found it on level 5 of the Dungeon)

   It has been specially enchanted to freeze those struck by it, causing extra
   injury to most foes and up to half again as much damage against particularly
   susceptible opponents.
   It can also slow down cold-blooded creatures.
   It protects you from negative energy.
   It affects your magic capacity (+9).
   It has a curse placed upon it.
Armour
 k - a +0 plate armour (worn)
 r - a +2 pair of gloves
 A - a scarf of resistance
 D - a +0 buckler
Jewellery
 f - an uncursed ring of stealth {unknown}
 h - an uncursed ring of resist corrosion {unknown}
 u - an uncursed ring of see invisible {unknown}
 x - a cursed ring of attention {unknown}
 y - an uncursed ring of resist corrosion {unknown}
Wands
 q - a wand of polymorph (6)
 v - a wand of flame (4)
 C - a wand of iceblast (8)
 E - a wand of enslavement (11)
Scrolls
 b - a scroll of remove curse {unknown}
 c - a scroll of fog {unknown}
 e - 5 scrolls of identify {unknown}
 j - 2 scrolls of teleportation {unknown}
 o - a scroll of noise {unknown}
 p - a scroll of random uselessness {unknown}
 F - a scroll of fear {unknown}
Potions
 d - 4 potions of curing {unknown}
 g - 3 potions of haste
 i - a potion of degeneration {unknown}
 l - 2 potions of brilliance {unknown}
 m - a potion of mutation {unknown}
 n - a potion of might {unknown}
 s - a potion of invisibility {unknown}
 t - a potion of attraction {unknown}
 z - a potion of ambrosia {unknown}
 G - a potion of flight {unknown}


   Skills:
 + Level 7.3 Fighting
 + Level 7.2 Axes
 + Level 6.6 Armour
 + Level 6.1 Dodging
 + Level 1.0 Shields
 + Level 4.1 Evocations


You had 7 spell levels left.
You didn't know any spells.
Your spell library was empty.

Dungeon Overview and Level Annotations

Branches:
Dungeon (6/15)
 Temple: D:4-7

Altars:
Fedhas
Gozag
Ru
Wu Jian

Shops:
D:5 *

Annotations:
D:5 3 runed translucent doors, Cheops's ghost, novice KoEE


Innate Abilities, Weirdness & Mutations

You reflexively headbutt those who attack you in melee.
You have a pair of horns on your head.


Message History

You closely miss the orc. The hound bites you but does no damage.
The orc closely misses you.
You bump into the rock wall.
The hound barely misses you.
The orc warrior hits you with a +0 mace!
* * * LOW HITPOINT WARNING * * *
You barely miss the hound.
The hound is lightly wounded.
You miss the orc. You miss the orc warrior.
The hound bites you but does no damage. The orc hits you but does no damage.
The orc warrior hits you with a +0 mace!
* * * LOW HITPOINT WARNING * * *
You bump into the rock wall.
The hound barely misses you.
You slash the orc warrior!
The orc warrior is severely wounded.
You slash the orc!
You kill the orc!
Trog accepts your kill.
You slash the hound! The hound bites you but does no damage.
The orc warrior hits you with a +0 mace!
You die...

#...# .... #.. ...
.. #...## ...# #.
#.# # #..#†.# h.. #
..l #.###.### ..# #.
#...##..# ..
###†.#..### ?..
##.#....## #
.##....###.h###..#.#
#. #.....o@)...#.###
######)##........
#...........
##..........
#..........
#..........
#..........
#..........
##.........


You could see an orc warrior and a hound.

Vanquished Creatures
  Menkaure (D:5)
  A water moccasin (D:6)
  A sky beast (D:5)
  3 ogres
  A phantom (D:5)
  6 big kobolds (D:3)
  2 bullfrogs (D:5)
  A scorpion (D:4)
  2 hounds
  A centaur zombie (D:5)
  6 orc wizards
  An iguana (D:6)
  2 worker ants
  Natasha (thrice) (D:3)
  A howler monkey skeleton (D:4)
  9 adders
  A gnoll (D:3)
  An ooze (D:3)
  An adder zombie (D:4)
  A worm (D:2)
  3 leopard geckos
  18 orcs
  9 bats
  5 giant cockroaches
  13 hobgoblins
  2 jackals (D:2)
  6 quokkas
  A ball python (D:5)
  4 frilled lizards
  5 goblins
  A jackal skeleton (D:6)
  54 kobolds
  A leopard gecko skeleton (D:5)
  A quokka skeleton (D:4)
  6 rats
174 creatures vanquished.

Notes
Turn   | Place    | Note
-------+----------+-------------------------------------------
     0 | D:1      | dtburroughs the Minotaur Berserker began the quest for the
                  | Orb.
     0 | D:1      | Reached XP level 1. HP: 19/19 MP: 0/0
   211 | D:1      | Reached XP level 2. HP: 25/27 MP: 1/1
   788 | D:2      | Reached XP level 3. HP: 31/33 MP: 2/2
   869 | D:2      | Reached ** piety under Trog
   974 | D:2      | Reached XP level 4. HP: 26/41 MP: 3/3
  1235 | D:2      | You fall into a shaft and drop 1 floor!
  1235 | D:3      | Found a blossoming altar of Fedhas.
  1920 | D:3      | Found an ornate altar of the Wu Jian Council.
  1997 | D:3      | Noticed a big kobold
  2019 | D:3      | Killed a big kobold
  2020 | D:3      | Reached XP level 5. HP: 40/47 MP: 4/4
  2084 | D:3      | Reached *** piety under Trog
  2196 | D:3      | Reached skill level 5 in Fighting
  2196 | D:3      | Reached skill level 1 in Evocations
  2304 | D:3      | Noticed Natasha
  2309 | D:3      | Killed Natasha
  2310 | D:3      | Reached XP level 6. HP: 55/56 MP: 5/5
  2328 | D:3      | Reached skill level 5 in Axes
  2454 | D:3      | Reached **** piety under Trog
  2474 | D:3      | Reached XP level 7. HP: 33/61 MP: 6/6
  2741 | D:3      | Noticed Natasha
  2750 | D:3      | Killed Natasha
  2809 | D:3      | Noticed Natasha
  2812 | D:3      | Killed Natasha
  3004 | D:4      | Reached skill level 5 in Armour
  3339 | D:4      | You fall into a shaft and drop 1 floor!
  3339 | D:5      | Entered Level 5 of the Dungeon
  3347 | D:5      | Noticed Menkaure
  3783 | D:5      | Killed Menkaure
  3784 | D:5      | Reached skill level 5 in Dodging
  3784 | D:5      | Reached XP level 8. HP: 35/70 MP: 7/7
  4303 | D:5      | Got a dazzling whip
  4351 | D:5      | Found a sacrificial altar of Ru.
  4389 | D:5      | Found a runed translucent gate.
  4389 | D:5      | Found a runed translucent gate.
  4402 | D:5      | Found a runed translucent gate.
  4403 | D:5      | Found an opulent altar of Gozag.
  4549 | D:5      | Found Norphuys's General Store.
  5185 | D:5      | Noticed Cheops's ghost (novice KoEE)
  5367 | D:6      | Reached skill level 1 in Shields
  5373 | D:6      | HP: 4/109 [orc warrior/+0 mace (8)]
  5375 | D:6      | Slain by an orc warrior

Illustrated notes

Levels and vault maps discovered:
D:1:      lightli_arrival_statue_moat, layout_basic
D:2:      layout_basic
D:3:      minmay_goblin_kobold_castle, layout_basic,
          pdpol_wu_jian_five_deadly_venoms, overflow_temple_1_default,
          uniq_natasha
D:4:      layout_cave_pools
D:5:      layout_loops_ring, nicolae_ru_great_annihilating_truth, serial_shops,
          kennysheep_little_box, ebering_ghost_gozag, minmay_misc_feat_columns,
          uniq_menkaure
D:6:      layout_rooms, st_stairs_11, centaur_isle

Skill      XL: |  1  2  3  4  5  6  7  8 |
---------------+-------------------------+-----
Fighting       | 4 5 6 7 |  7.3
Axes           | 4 5 6 7 |  7.2
Armour         | 3 4 5 6 |  6.6
Dodging        | 3 4 5 6 |  6.1
Evocations     | 1 2 3 4 |  4.1
Shields        | 1 |  1.0

Action                   |  1- 3 |  4- 6 |  7- 9 || total
-------------------------+-------+-------+-------++-------
Melee: Hand axe          |    91 |   163 |    15 ||   269
       Headbutt          |     9 |    27 |    29 ||    65
       Broad axe         |       |       |   160 ||   160
Invok: Trog's Hand       |       |       |     2 ||     2
       Berserk           |       |       |     1 ||     1
Armor: Animal skin       |    16 |       |       ||    16
       Plate armour      |    57 |   110 |   124 ||   291
Dodge: Dodged            |    62 |    85 |    95 ||   242
